 Dungeon Crawl Stone Soup version 0.20.1-1-g8b1a95d (webtiles) character file.

115 Irenicus the Insei (level 4, 0/35 HPs)
             Began as a Demonspawn Chaos Knight on Oct 13, 2017.
             Killed by divine providence
             ... invoked by an orc priest
              (17 damage)
             ... on level 3 of the Dungeon.
             The game lasted 00:05:05 (1950 turns).

Irenicus the Insei (Demonspawn Chaos Knight)        Turns: 1950, Time: 00:05:09

Health: 0/35       AC:  5    Str: 12    XL:     4   Next: 68%
Magic:  4/4        EV: 11    Int: 21    God:    Xom [.....*]
Gold:   131        SH:  0    Dex: 13    Spells: 3/3 levels left

rFire    . . .     SeeInvis .     - Unarmed
rCold    . . .     Gourm    .   (no shield)
rNeg     . . .     Faith    .   a - +2 leather armour
rPois    .         Spirit   .   (helmet restricted)
rElec    +         Reflect  .   (no cloak)
rCorr    .         Harm     .   (no gloves)
MR       +....                  (no boots)
Stlth    +.........             p - amulet of regeneration
Regen    1.6/turn               l - ring of flight
MPRegen  0.1/turn               r - +2 ring of intelligence

@: brilliant
A: antennae 1, magic resistance 1, powered by death 2, screaming 1, electricity
resistance
a: Renounce Religion, Evoke Flight


You were on level 3 of the Dungeon.
You worshipped Xom.
You were Xom's teddy bear.
You were hungry.

You visited 1 branch of the dungeon, and saw 3 of its levels.

You collected 131 gold pieces.

Inventory:

Armour
 a - a +2 leather armour (worn)
Jewellery
 l - a ring of flight (left hand)
 p - an amulet of regeneration (around neck)
 r - a +2 ring of intelligence (right hand)
Scrolls
 c - a scroll of enchant armour {unknown}
 e - a scroll of recharging {unknown}
 h - 2 scrolls of identify {unknown}
 j - a scroll of amnesia {unknown}
 k - a scroll of remove curse {unknown}
 n - 2 scrolls of magic mapping {unknown}
 q - a scroll of blinking {unknown}
Comestibles
 b - 3 bread rations
 f - 2 royal jellies
 i - a meat ration
 m - a fruit


   Skills:
 - Level 3.0 Fighting
 - Level 1.7 Armour
 - Level 0.8 Dodging
 + Level 5.0 Unarmed Combat


You had 3 spell levels left.
You didn't know any spells.

Dungeon Overview and Level Annotations

Branches:
Dungeon (3/15)

Altars:
Cheibriados
Makhleb
Okawaru
Vehumet
The Shining One


Innate Abilities, Weirdness & Mutations

You have a pair of small antennae on your head.
You regenerate health from kills.
You are resistant to hostile enchantments. (MR+)
You occasionally shout uncontrollably at your foes.
You are resistant to electric shocks. (rElec)


Message History

* * * LOW HITPOINT WARNING * * *
A shower of butterflies erupts from you!
You feel better.
You feel less invigorated. Something hits you but does no damage.
You barely miss something. You punch something. Something hits you.
* * * LOW HITPOINT WARNING * * *
You hit something. Something hits you.
* * * LOW HITPOINT WARNING * * *
You feel better. Something completely misses you.
You barely miss something.
The orc priest invokes the aid of Beogh against you.
Something hits you but does no damage.
You punch something!
Reactivating autopickup.
Your Unarmed Combat skill increases to level 5!
You feel a bit more experienced.
The orc priest calls down the wrath of Beogh upon you.
Beogh smites you!
You die...
Xom giggles madly!

######.......... #.#..#.......#
.................#.#..#....##.#
######........##.#.)......(...#
#..............#.......(....#
#.#######....#.#............#
..#.# .< ....#b#............#
..#.# .#....#b#............#
..#.# . ...#.#.#.......##.#
..#.# #....#@#.#.......##.#
..#.# #.#..#)#.####.....#.#
..#.# ....#o#.# #.#.#.#.#
..#.#########.##)#.####...#.#.#
§.#.......................#.#.#
#§##############....####..#.#.#
#§###...............# ##.#.#.#
#.§§..§..§§.§§§##...## #...#.#
#.###.#§............... ....#.#


You could see an orc priest.

Vanquished Creatures
  An orc wizard (D:3)
  3 adders (D:3)
  An ooze (D:3)
  A worm (D:3)
  2 dart slugs
  3 leopard geckos (D:3)
  An orc (D:3)
  5 bats
  5 giant cockroaches
  6 goblins
  7 hobgoblins
  4 jackals (D:2)
  3 kobolds
  3 ball pythons
  4 frilled lizards
  11 rats
60 creatures vanquished.

Notes
Turn   | Place    | Note
-------+----------+-------------------------------------------
     0 | D:1      | Irenicus the Demonspawn Chaos Knight began the quest for the Orb.
     0 | D:1      | Reached XP level 1. HP: 18/18 MP: 1/1
    74 | D:1      | Reached skill level 3 in Unarmed Combat
   131 | D:1      | Gained mutation: You have a pair of small antennae on your head. [demonic ancestry]
   131 | D:1      | Reached XP level 2. HP: 15/24 MP: 2/2
   406 | D:1      | XOM: divination: magic mapping
   756 | D:2      | Gained mutation: You regenerate a little health from kills. [demonic ancestry]
   756 | D:2      | Reached XP level 3. HP: 9/29 MP: 3/3
   835 | D:2      | Found a radiant altar of Vehumet.
   853 | D:2      | XOM: divination: magic mapping
   877 | D:2      | XOM: harmless Conj miscast
  1022 | D:2      | XOM: god gift: 29 gold pieces
  1043 | D:2      | XOM: divination: detect creatures
  1112 | D:2      | Reached skill level 4 in Unarmed Combat
  1156 | D:2      | Found a glowing golden altar of the Shining One.
  1305 | D:2      | Found a burning altar of Makhleb.
  1305 | D:2      | Noticed a cacodemon
  1309 | D:2      | Noticed a ynoxinul
  1309 | D:2      | Noticed a hellwing
  1334 | D:2      | Found an iron altar of Okawaru.
  1465 | D:3      | Found a snail-covered altar of Cheibriados.
  1684 | D:3      | XOM: cloud trail
  1707 | D:3      | Gained mutation: You regenerate health from kills. [demonic ancestry]
  1707 | D:3      | Reached XP level 4. HP: 32/35 MP: 4/4
  1943 | D:3      | Gained mutation: You are resistant to electric shocks. (rElec) [potion of mutation]
  1943 | D:3      | Gained mutation: You occasionally shout uncontrollably at your foes. [potion of mutation]
  1943 | D:3      | Gained mutation: You are resistant to hostile enchantments. (MR+) [potion of mutation]
  1944 | D:3      | HP: 1/35 [orc priest/divine providence (15)]
  1944 | D:3      | XOM: butterfly on damage
  1950 | D:3      | Reached skill level 5 in Unarmed Combat
  1950 | D:3      | Killed from afar by an orc priest

Skill      XL: |  1  2  3  4 |
---------------+-------------+-----
Unarmed Combat | 3 4 5 |  5.0
Fighting       | |  3.0
Armour         | |  1.7
Dodging        | |  0.8

Action                   |  1- 3 |  4- 6 || total
-------------------------+-------+-------++-------
Melee: Unarmed           |   185 |    61 ||   246
       Punch             |     1 |     1 ||     2
  Use: Potion            |       |     7 ||     7
 Stab: Sleeping          |     2 |       ||     2
  Eat: Chunk             |     3 |       ||     3
Armor: Leather armour    |    63 |    17 ||    80
Dodge: Dodged            |   106 |    37 ||   143
